[Event "World Junior U20 Open 2018"]
[Site "Gebze"]
[Date "2018.09.10"]
[Round "6.39"]
[White "Shailesh, Dravid"]
[Black "Garayev, Kanan"]
[Result "0-1"]
[ECO "C84"]
[WhiteElo "2325"]
[BlackElo "2404"]
[Annotator "NA"]
[PlyCount "80"]
[EventDate "2018.09.05"]
[EventType "swiss"]
[EventCountry "TUR"]
[SourceTitle "playchess.com"]
[Source "ChessBase"]
[SourceQuality "1"]
[TimeControl "40/5400+30:1800+30"]

1. e4 e5 2. Nf3 Nc6 3. Bb5 a6 4. Ba4 b5 5. Bb3 Na5 6. Nc3 d6 7. O-O Nf6 8. d3 Be7 9. h3 O-O {[%emt 0:05:30] LiveBook: 21 Partien} 10. Bg5 {[%emt 0:01:30] C84: Closed Ruy Lopez: Unusual White 6th moves} (10. Be3 Bb7 11. Re1 Nxb3 12. axb3 Nd7 13. d4 Bf6 14. Qd2 exd4 15. Bxd4 Re8 16. Nd5 Ne5 17. Nxf6+ Qxf6 18. Bxe5 dxe5 {½-½ (68) Bartel,M (2623)-Sargissian,G (2679) Baku 2015}) 10... c5 11. a4 $146 ({Predecessor:} 11. Bxf6 Bxf6 12. Bd5 Rb8 13. Qd2 Be6 14. Rfe1 b4 15. Ne2 Bxd5 16. exd5 e4 17. dxe4 Bxb2 {0-1 (34) Figueiredo,J (1173)-Goncalves,G (1535) Luso 2017}) 11... Nxb3 12. cxb3 b4 13. Bxf6 Bxf6 14. Nd5 Bg5 15. Nd2 Bxd2 16. Qxd2 Be6 17. f4 f5 18. Rac1 Bxd5 19. exd5 Qf6 20. Qf2 (20. fxe5 $11 {bleibt in der Remisbreite.} Qxe5 21. d4 Qxd5 22. Rc4) 20... Rae8 21. Rc4 e4 22. dxe4 Rxe4 23. Rxe4 fxe4 $17 24. Qe2 (24. a5 $17) 24... Qd4+ 25. Kh2 Qd3 26. Qxd3 exd3 27. Rd1 Rxf4 28. Rxd3 Rf2 29. Re3 Kf7 30. Re6 Rf6 31. Re3 Rf5 32. Rd3 Rf2 33. Re3 Rxb2 34. Re6 Rxb3 35. Rxd6 c4 36. Rxa6 c3 37. Ra7+ Ke8 38. Rc7 Ra3 39. Rc4 Rxa4 40. Kg3 Ra1 0-1

[Event "World Junior U20 Open 2018"]
[Site "Gebze"]
[Date "2018.09.10"]
[Round "6.40"]
[White "Agibileg, Uurtsaikh"]
[Black "Huber, Martin Christian"]
[Result "1-0"]
[ECO "E94"]
[WhiteElo "2321"]
[BlackElo "2390"]
[Annotator "ChessBase"]
[PlyCount "73"]
[EventDate "2018.09.05"]
[EventType "swiss"]
[EventCountry "TUR"]
[SourceTitle "playchess.com"]
[Source "ChessBase"]
[SourceQuality "1"]
[TimeControl "40/5400+30:1800+30"]

1. d4 Nf6 2. c4 g6 3. Nc3 Bg7 4. e4 d6 5. Be2 O-O 6. Nf3 Na6 7. O-O e5 8. Be3 c6 9. d5 Ng4 10. Bg5 f6 11. Bh4 c5 12. Ne1 Nh6 13. f3 Nf7 14. Rb1 Bh6 15. Bf2 f5 16. Nd3 Bg5 17. b4 b6 18. bxc5 Nxc5 19. a4 Nb7 20. Nb4 Bd7 21. Nc6 Qc8 22. exf5 gxf5 23. f4 Bf6 24. Bf3 Nc5 25. a5 e4 26. Bd4 Bxd4+ 27. Nxd4 exf3 28. Rxf3 Qd8 29. Rg3+ Kh8 30. Ne6 Qf6 31. Nxf8 Rxf8 32. axb6 axb6 33. Rxb6 Nh6 34. h3 Re8 35. Rxd6 Re1+ 36. Qxe1 Qxd6 37. Qa1 1-0

[Event "World Junior U20 Open 2018"]
[Site "Gebze"]
[Date "2018.09.10"]
[Round "6.41"]
[White "Nikolovski, Nikola"]
[Black "Zlatin, Alexander"]
[Result "1-0"]
[ECO "C50"]
[WhiteElo "2388"]
[BlackElo "2312"]
[Annotator "NA"]
[PlyCount "119"]
[EventDate "2018.09.05"]
[EventType "swiss"]
[EventCountry "TUR"]
[SourceTitle "playchess.com"]
[Source "ChessBase"]
[SourceQuality "1"]
[TimeControl "40/5400+30:1800+30"]

1. e4 e5 2. Nf3 Nc6 3. Bc4 Bc5 4. O-O Nf6 5. d3 O-O 6. a4 {[%emt 0:01:30] C50: Hungarian Defence and Giuoco Pianissimo} (6. c3 d5 7. exd5 Nxd5 8. Re1 Bg4 9. Nbd2 Nb6 10. Bb5 Bd6 11. h3 Bh5 12. Ne4 Re8 13. Bg5 f6 14. Be3 a6 15. Bxc6 bxc6 16. Ng3 Bf7 17. c4 Bb4 18. Re2 Bf8 19. b3 c5 {0-1 (89) Nakamura,H (2777)-Grischuk,A (2766) Saint Louis 2018}) 6... d5 7. exd5 Nxd5 8. Nbd2 {[%emt 0:04:30] LiveBook: 7 Partien} Bg4 9. h3 Bh5 10. Ne4 Be7 11. Ng3 Bg6 12. Re1 Bf6 13. a5 $146 a6 14. Ne4 Be7 15. c3 Nf6 16. Ng3 Bd6 (16... e4 $11 {remains equal.} 17. Nh4 (17. Nxe4 Nxe4 18. dxe4 Qxd1 $14) (17. dxe4 Qxd1 18. Rxd1 Nxe4 $14) 17... exd3) 17. Nh4 Re8 18. Nxg6 hxg6 19. Bg5 Qd7 20. Qf3 Nh7 21. Ne4 Qf5 22. Qg3 Be7 23. Bd2 Nf6 24. Ng5 Nh5 25. Qh4 Bxg5 26. Bxg5 Nf4 27. Re4 Ne6 28. Bd2 Rad8 29. b4 g5 30. Qh5 Nf4 31. Bxf4 exf4 32. Rae1 Rxe4 33. Rxe4 Qf6 34. d4 g6 35. Qg4 Qf5 36. Qe2 Kg7 37. d5 Rxd5 38. Bxd5 Qxd5 39. Re8 Qd6 40. Kh1 Kf6 41. Re4 Kg7 42. Kg1 Qf6 43. Qd3 Qf5 44. f3 $18 Qf6 45. Re2 Kf8 46. Kh2 Kg7 47. Re4 Qf5 48. Qc4 Qf6 49. Qc5 Qd8 50. Re2 Qf8 51. Qxg5 Qd6 52. Re4 f5 53. Re8 Qd7 54. Ra8 Qd2 55. Qh4 Qd6 56. Qh8+ Kf7 57. Qg8+ Ke7 58. Qg7+ Ke6 59. Qxg6+ Kd5 60. Qxd6+ 1-0

[Event "World Junior U20 Open 2018"]
[Site "Gebze"]
[Date "2018.09.10"]
[Round "6.42"]
[White "Macovei, Andrei"]
[Black "Jogstad, Martin"]
[Result "1-0"]
[ECO "C16"]
[WhiteElo "2385"]
[BlackElo "2305"]
[Annotator "NA"]
[PlyCount "121"]
[EventDate "2018.09.05"]
[EventType "swiss"]
[EventCountry "TUR"]
[SourceTitle "playchess.com"]
[Source "ChessBase"]
[SourceQuality "1"]
[TimeControl "40/5400+30:1800+30"]

1. e4 e6 2. d4 d5 3. Nc3 Bb4 4. e5 b6 5. a3 Bf8 6. Nf3 Ne7 7. h4 Qd7 {[%emt 0:10:30] C16: French: 3 Nc3 Bb4 4 e5: Lines without ...c5} (7... h6 8. Bf4 Ba6 9. Bxa6 Nxa6 10. Qd3 Nb8 11. b4 Nd7 12. O-O c6 13. h5 a6 14. Ne2 c5 15. dxc5 bxc5 {½-½ (46) Kryvoruchko,Y (2708)-Jussupow,A (2583) Switzerland 2017}) 8. h5 h6 9. Nb5 $146 ({Predecessor:} 9. b4 c6 10. Rb1 Ba6 11. b5 cxb5 12. Nxb5 Bxb5 13. Bxb5 Nec6 14. c4 Be7 15. Rh3 {0-1 (36) Adair,J (2363)-Rombaldoni,A (2494) Sunny Beach 2013}) 9... a6 10. Nc3 c5 11. Ne2 Nbc6 12. c3 c4 13. Nh4 b5 14. g4 a5 15. Bh3 Qb7 16. O-O g6 17. Ng3 Kd8 18. f4 Kc7 19. hxg6 fxg6 20. f5 gxf5 21. gxf5 exf5 22. Nhxf5 Nxf5 23. Nxf5 Kb6 24. Qf3 Qf7 25. Ne3 Qxf3 26. Rxf3 Ne7 27. Rf6+ Kc7 28. Bg2 Rg8 29. Kh2 Bb7 30. Bd2 Bg7 31. Rf7 Kd8 32. Nf5 Bf8 33. Nd6 Bc6 34. Raf1 Ng6 35. Bh3 Be7 36. Bxh6 Bd7 37. Nf5 Ra6 38. Nxe7 Nxe7 39. Rf8+ Kc7 40. Rxg8 Nxg8 41. Rf7 Rxh6 42. Rxd7+ Kc6 43. Rg7 Rh8 44. Kg3 Nh6 45. Bd7+ Kb6 46. Rg6+ Kc7 47. Be6 Kd8 48. Bxd5 Nf5+ 49. Kf4 Ne7 50. Rd6+ Kc7 51. Be6 Ng6+ 52. Kg5 Nf8 53. Bf5 Rh2 54. Rf6 Nh7+ 55. Bxh7 Rxh7 56. d5 Rh2 57. Rf7+ Kd8 58. d6 Rg2+ 59. Kf6 Rxb2 60. Ke6 Rd2 61. Rf8# 1-0

[Event "World Junior U20 Open 2018"]
[Site "Gebze"]
[Date "2018.09.10"]
[Round "6.43"]
[White "Miciano, John Marvin"]
[Black "Vanczak, Tamas"]
[Result "1/2-1/2"]
[ECO "C00"]
[WhiteElo "2374"]
[BlackElo "2276"]
[Annotator "NA"]
[PlyCount "92"]
[EventDate "2018.09.05"]
[EventType "swiss"]
[EventCountry "TUR"]
[SourceTitle "playchess.com"]
[Source "ChessBase"]
[SourceQuality "1"]
[TimeControl "40/5400+30:1800+30"]

1. Nf3 Nf6 2. g3 b6 3. Bg2 Bb7 4. d3 e6 5. O-O d5 6. c3 c5 7. Nbd2 Nc6 8. Re1 Be7 9. e4 Qc7 10. a3 a5 11. a4 {[%emt 0:00:30] C00: French: Unusual White 2nd moves} (11. exd5 Nxd5 12. a4 O-O 13. Nc4 Rfd8 14. Bg5 Ba6 15. Qe2 Rac8 16. Rad1 h6 17. Bc1 Bf6 18. h4 Rd7 {0-1 (35) Ribbegren,K (2222)-Bacrot,E (2714) Brest 2018}) 11... O-O 12. Nf1 $146 ({Predecessor:} 12. e5 Nd7 13. Qe2 Rae8 14. Nf1 Qb8 15. Bf4 Bd8 16. h4 Bc7 17. h5 f6 18. d4 cxd4 19. cxd4 Nxd4 20. Nxd4 fxe5 {0-1 (44) Novik,M (2471)-Saveliev,A (2303) St Petersburg 2014}) 12... dxe4 13. dxe4 Rad8 14. Qb3 Ba6 15. Bf4 e5 16. Bg5 c4 17. Qc2 Nd7 18. Bxe7 Nxe7 19. Ne3 Nc5 20. Red1 Nd3 $11 21. Ne1 Rd6 22. Nxd3 cxd3 23. Qb3 d2 24. Qc2 Rfd8 25. c4 Rd4 26. b3 Bb7 27. Ra2 Qc5 28. Rb2 f5 29. exf5 Bxg2 30. Kxg2 Qc6+ 31. Kg1 Qf3 32. Nf1 Nxf5 33. Rxd2 Ne3 34. fxe3 Rxd2 35. Nxd2 Qxe3+ 36. Kg2 Qe2+ 37. Kg1 Rf8 38. Rb1 Rf2 39. Qe4 Qxd2 40. Rf1 Rxf1+ 41. Kxf1 Qd1+ 42. Kg2 Qxb3 43. Qxe5 Qxa4 44. Qe6+ Kf8 45. Qxb6 Qxc4 46. Qxa5 Qe2+ 1/2-1/2

[Event "World Junior U20 Open 2018"]
[Site "Gebze"]
[Date "2018.09.10"]
[Round "6.44"]
[White "Dobrovoljc, Vid"]
[Black "Nikitenko, Mihail"]
[Result "0-1"]
[ECO "C55"]
[WhiteElo "2316"]
[BlackElo "2368"]
[Annotator "ChessBase"]
[PlyCount "92"]
[EventDate "2018.09.05"]
[EventType "swiss"]
[EventCountry "TUR"]
[SourceTitle "playchess.com"]
[Source "ChessBase"]
[SourceQuality "1"]
[TimeControl "40/5400+30:1800+30"]

1. e4 e5 2. Nf3 Nc6 3. Bb5 a6 4. Ba4 Nf6 5. d3 d6 6. c3 b5 7. Bc2 Be7 8. O-O O-O 9. Re1 Nb8 10. Nbd2 c5 11. Nf1 Nc6 12. Ng3 Re8 13. h3 Bf8 14. Bg5 h6 15. Bd2 Be6 16. Qe2 d5 17. Nh2 d4 18. Ng4 Nxg4 19. hxg4 g6 20. Nf1 Rc8 21. Nh2 c4 22. Rad1 Qd7 23. b3 cxb3 24. Bxb3 Bxb3 25. axb3 dxc3 26. Bxc3 Qe6 27. Qb2 b4 28. Bd2 Nd4 29. Be3 Rc2 30. Qa1 Nxb3 31. Qa4 Rc3 32. Nf3 Rec8 33. Qa2 a5 34. Qa4 Qe8 35. Qxe8 Rxe8 36. g5 hxg5 37. Nxg5 a4 38. Re2 a3 39. Rb1 Nd4 40. Bxd4 exd4 41. e5 Rec8 42. e6 fxe6 43. Nxe6 Rc1+ 44. Rxc1 Rxc1+ 45. Kh2 b3 46. Nxf8 Kxf8 0-1

[Event "World Junior U20 Open 2018"]
[Site "Gebze"]
[Date "2018.09.10"]
[Round "6.45"]
[White "Milosevic, Milos"]
[Black "Can, Isik"]
[Result "1/2-1/2"]
[ECO "C47"]
[WhiteElo "2292"]
[BlackElo "2361"]
[Annotator "NA"]
[PlyCount "119"]
[EventDate "2018.09.05"]
[EventType "swiss"]
[EventCountry "TUR"]
[SourceTitle "playchess.com"]
[Source "ChessBase"]
[SourceQuality "1"]
[TimeControl "40/5400+30:1800+30"]

1. e4 e5 2. Nc3 Nf6 3. Nf3 Nc6 4. g3 d5 5. exd5 Nxd5 6. Bg2 Nxc3 7. bxc3 Bc5 8. O-O O-O 9. Re1 Bb6 {[%emt 0:03:00] LiveBook: 4 Games} 10. d3 Re8 {[%emt 0:10:30] C47: Schottisches Vierspringerspiel} 11. Be3 (11. a4 Bg4 12. h3 Bh5 13. g4 Bg6 14. Nd2 Qh4 15. Qe2 f5 16. Nf3 Qf6 17. gxf5 Bxf5 18. Ng5 {1-0 (60) Mamedyarov,S (2753)-Kramnik,V (2803) Geneve 2013}) 11... Bf5 12. Rb1 $146 ({Vorgänger:} 12. Nd2 Ba5 13. Rb1 Qc8 14. Rb3 Be6 15. Ra3 Bb6 16. Bxb6 axb6 17. Rxa8 Qxa8 18. Bxc6 bxc6 19. Rxe5 Qxa2 {1-0 (43) Seccafim,C (1655)-Parreira,T (1331) Hebraica 2018}) 12... Rb8 13. Nd2 Qd7 14. Qc1 Bh3 15. Bh1 Bxe3 16. Rxe3 f6 17. Qa3 Be6 18. Qa4 Ne7 (18... Bd5 $11) 19. Qxd7 Bxd7 20. Bxb7 Ba4 21. Ba6 Rxb1+ 22. Nxb1 Bxc2 23. Bc4+ Kf8 24. Na3 Ba4 25. Re1 Nc8 26. d4 exd4 27. Rxe8+ Kxe8 28. cxd4 Ne7 29. Kf1 Nf5 30. d5 Kd7 31. Nb1 Kd6 32. Nc3 Bd7 33. Ke2 Kc5 34. Bd3 Kd4 35. Kd2 h6 36. Bxf5 Bxf5 37. Nb5+ Kxd5 38. Nxc7+ Ke5 39. Nb5 a6 40. Nc3 Kd4 41. Ne2+ Kc4 42. Nf4 Bg4 43. Ng2 (43. h3 $1 $11 Bc8 44. Nh5) 43... Kb4 44. Ne3 $17 Be6 45. Nc2+ Ka4 46. Kc3 g5 47. a3 Bf7 48. Kb2 Kb5 49. Kc3 Kc5 50. Ne3 a5 51. Ng4 f5 52. Nxh6 Be6 53. h3 g4 54. hxg4 fxg4 55. a4 Kd5 56. Nxg4 Bxg4 57. Kb2 Kc4 58. f4 Bf5 59. Ka1 Kc3 60. Ka2 1/2-1/2

[Event "World Junior U20 Open 2018"]
[Site "Gebze"]
[Date "2018.09.10"]
[Round "6.47"]
[White "Tarlabasi, Emirhan"]
[Black "Schitco, Ivan"]
[Result "0-1"]
[ECO "D30"]
[WhiteElo "2193"]
[BlackElo "2358"]
[Annotator "ChessBase"]
[PlyCount "186"]
[EventDate "2018.09.05"]
[EventType "swiss"]
[EventCountry "TUR"]
[SourceTitle "playchess.com"]
[Source "ChessBase"]
[SourceQuality "1"]
[TimeControl "40/5400+30:1800+30"]

1. d4 Nf6 2. c4 e6 3. Nf3 d5 4. e3 Bd6 5. Bd3 O-O 6. O-O dxc4 7. Bxc4 a6 8. Bd3 Nbd7 9. Nbd2 c5 10. Nc4 Be7 11. a4 b6 12. b3 Bb7 13. Bb2 cxd4 14. exd4 Rc8 15. Ne3 Rc7 16. Qe2 Qa8 17. Nd2 Nd5 18. Nxd5 Bxd5 19. f3 Bf6 20. Nc4 Rd8 21. Be4 Qa7 22. Rfd1 Nf8 23. Bxd5 exd5 24. Ne3 Ne6 25. g3 Re7 26. Qd3 g6 27. Rd2 h5 28. f4 Qd7 29. Ng2 h4 30. Qf3 h3 31. Ne3 Bg7 32. Ng4 f5 33. Ne5 Bxe5 34. dxe5 Nc5 35. Bd4 Ne4 36. Rc2 Rc8 37. Rac1 Rxc2 38. Rxc2 Re6 39. Qd1 Rc6 40. Qc1 Rxc2 41. Qxc2 b5 42. axb5 axb5 43. b4 Kf7 44. Kf1 g5 45. Ke2 Kg6 46. Kf3 Kh5 47. fxg5 Nxg5+ 48. Ke3 Ne4 49. Kd3 Kg6 50. Qc1 Ng5 51. Qc5 f4 52. Qb6+ Kh5 53. gxf4 Qf5+ 54. Kc3 Qxf4 55. e6 Qc1+ 56. Kb3 Qd1+ 57. Kb2 Qe2+ 58. Ka3 Nxe6 59. Bb2 d4 60. Qc6 Kg4 61. Qe8 Qd3+ 62. Ka2 Qc4+ 63. Ka1 Kf4 64. Qg6 Qf1+ 65. Ka2 Qc4+ 66. Ka1 Qf1+ 67. Ka2 Ke5 68. Qh5+ Qf5 69. Qe2+ Kd6 70. Ka1 d3 71. Qe3 Kd5 72. Ka2 Kd6 73. Qb6+ Kd7 74. Qe3 Nf4 75. Qa7+ Ke6 76. Qb6+ Kf7 77. Qc7+ Kg6 78. Qg7+ Kh5 79. Qh8+ Kg4 80. Qg7+ Qg6 81. Qd4 Qe6+ 82. Kb1 Kf3 83. Bc1 Qe4 84. Qc3 Ne2 85. Qf6+ Kg2 86. Bd2 Kxh2 87. Qf2+ Qg2 88. Qf5 Ng3 89. Qg5 Ne4 90. Qf4+ Kh1 91. Be3 d2 92. Kc2 d1=Q+ 93. Kxd1 Nc3+ 0-1

[Event "World Junior U20 Open 2018"]
[Site "Gebze"]
[Date "2018.09.10"]
[Round "6.48"]
[White "Aydincelebi, Kagan"]
[Black "Murphy, Conor E"]
[Result "0-1"]
[ECO "C63"]
[WhiteElo "2060"]
[BlackElo "2357"]
[Annotator "ChessBase"]
[PlyCount "109"]
[EventDate "2018.09.05"]
[EventType "swiss"]
[EventCountry "TUR"]
[SourceTitle "playchess.com"]
[Source "ChessBase"]
[SourceQuality "1"]
[TimeControl "40/5400+30:1800+30"]

1. e4 e5 2. Nf3 Nc6 3. Bb5 f5 4. Nc3 fxe4 5. Nxe4 Nf6 6. Nxf6+ Qxf6 7. Qe2 Be7 8. Bxc6 bxc6 9. Qxe5 d6 10. Qxf6 Bxf6 11. d4 Bg4 12. Be3 Bxf3 13. gxf3 O-O 14. Rd1 Bh4 15. Ke2 Rf5 16. Rhg1 Raf8 17. Rg4 Be7 18. Rd3 Ra5 19. a3 Rb8 20. b4 Rh5 21. Rc3 a5 22. Rxc6 Bd8 23. bxa5 Rxa5 24. Bh6 Rh5 25. Bxg7 Kf7 26. d5 Rxd5 27. Bc3 Rb1 28. Rcc4 Rc1 29. Bb2 Rb1 30. Rg7+ Ke6 31. Re4+ Kf5 32. Bd4 c5 33. Rf7+ Kg6 34. Rg7+ Kf5 35. Rf7+ Kg6 36. Rf8 Ba5 37. Rg4+ Kh5 38. Rf7 Re1+ 39. Kd3 Rxd4+ 40. Rxd4 Rd1+ 41. Kc4 Rxd4+ 42. Kb5 Kg6 43. Rd7 Bd2 44. a4 Rb4+ 45. Kc6 Bf4 46. a5 Bxh2 47. a6 h5 48. a7 h4 49. Rd8 Ra4 50. Kb7 Be5 51. Rg8+ Kh5 52. Rg4 Rxa7+ 53. Kxa7 h3 54. Rg1 h2 55. Rd1 0-1

[Event "World Junior U20 Open 2018"]
[Site "Gebze"]
[Date "2018.09.10"]
[Round "6.49"]
[White "Liyanage, Ranindu Dilshan"]
[Black "Schekachikhin, Maksim"]
[Result "0-1"]
[ECO "B47"]
[WhiteElo "1989"]
[BlackElo "2356"]
[Annotator "NA"]
[PlyCount "72"]
[EventDate "2018.09.05"]
[EventType "swiss"]
[EventCountry "TUR"]
[SourceTitle "playchess.com"]
[Source "ChessBase"]
[SourceQuality "1"]
[TimeControl "40/5400+30:1800+30"]

1. e4 c5 2. Nf3 e6 3. d4 cxd4 4. Nxd4 Nc6 5. Nc3 Qc7 6. g3 a6 7. Bg2 Nf6 8. O-O h5 {[%emt 0:00:30] B47: Sicilian: Taimanov: 5 Nc3 Qc7 6 f4, 6 g3 and 6 Be2} 9. Nf3 Ng4 10. Bf4 d6 {[%emt 0:01:30] LiveBook: 5 Partien} 11. h3 $146 ({Predecessor:} 11. Bg5 Nge5 12. a4 Bd7 13. h3 {½-½ (13) Morozevich,A (2739)-Vitiugov,N (2719) Tromsoe 2013}) 11... Nge5 12. Nd2 Be7 13. Be3 Na5 14. Bd4 Bf6 15. Na4 Nd7 16. Bxf6 Nxf6 17. c4 O-O 18. Rc1 Nc6 19. c5 dxc5 20. Rxc5 e5 21. Qc2 Be6 22. Nf3 $15 Nd7 23. Rc3 f6 24. Nh4 Rfd8 25. Nf5 Qa5 26. Ra3 Nd4 27. Qd1 Nxf5 28. exf5 Bf7 29. Bxb7 Rab8 30. Qf3 Nb6 31. Nxb6 Qxb6 32. Be4 Qxb2 33. Rb1 Qxb1+ 34. Kh2 Qb6 35. Qe2 a5 36. Rc3 Rbc8 0-1

[Event "World Junior U20 Open 2018"]
[Site "Gebze"]
[Date "2018.09.10"]
[Round "6.50"]
[White "Arcuti, Davide"]
[Black "Nyambileg, Erdene-Ochir"]
[Result "0-1"]
[ECO "E81"]
[WhiteElo "2356"]
[BlackElo "1798"]
[Annotator "NA"]
[PlyCount "160"]
[EventDate "2018.09.05"]
[EventType "swiss"]
[EventCountry "TUR"]
[SourceTitle "playchess.com"]
[Source "ChessBase"]
[SourceQuality "1"]
[TimeControl "40/5400+30:1800+30"]

1. d4 Nf6 2. c4 g6 3. Nc3 Bg7 4. e4 d6 5. f3 O-O 6. Be3 c5 7. d5 Na6 8. Qd2 Nc7 9. Bd3 {[%emt 0:09:30] E81: King's Indian: Sämisch: 6th move deviations (including 6 Be3 c6)} (9. Nge2 a6 10. a4 b6 11. g4 e6 12. Ng3 exd5 13. cxd5 Re8 14. Be2 Bb7 15. Bg5 Qd7 16. h4 b5 {½-½ (50) Mozharov,M (2425)-Reutsky,S (2353) Moscow 2007}) 9... a6 10. a4 Rb8 11. a5 $146 ({Predecessor:} 11. Nge2 Bd7 12. O-O b5 13. b3 b4 14. Na2 Nh5 15. Rad1 f5 16. exf5 gxf5 17. Nf4 Qe8 18. Nc1 Kh8 19. Nce2 Be5 20. Nxh5 Qxh5 {1-0 (44) Borsuk,K (2263)-Artemchuk,T (2214) Donetsk 2007}) 11... b5 12. axb6 Rxb6 13. Nge2 e5 14. g4 (14. O-O $16) 14... Bd7 15. Ng3 Qb8 16. Ra2 Qb7 17. g5 Nfe8 18. h4 a5 19. h5 Na6 20. Bb1 Rb3 21. Rxa5 Rxb2 22. Qc1 Nec7 23. O-O Qb4 24. Ra1 Rb8 25. Bd3 Qb3 26. Rf2 Rxf2 27. Bxf2 Qb7 28. Bf1 Nb4 29. Kg2 Qc8 30. Ra7 Ra8 31. Rxa8 Qxa8 32. Qb2 Qd8 33. Be3 f6 34. gxf6 Qxf6 35. hxg6 hxg6 36. Qf2 Qh4 37. Kg1 Bh6 38. Bxh6 Qxh6 39. Nb5 Ne8 40. Qg2 Kf7 41. Nh1 Ke7 42. Nf2 Nf6 43. Qg3 Nc2 44. Nd3 Qe3+ 45. Qf2 Qg5+ $15 46. Qg2 Qxg2+ 47. Bxg2 Ne3 48. Na3 g5 49. Kf2 Nd1+ 50. Ke2 Nc3+ 51. Kd2 Na4 52. Ke3 Nh5 53. Bf1 Nb6 54. Nf2 Nf4 55. Ng4 Bxg4 56. fxg4 Kd7 57. Kd2 Ke7 58. Ke3 Nd7 59. Kf3 Nf6 60. Nc2 Ng6 61. Bd3 Kd7 62. Ne3 Nh4+ 63. Kg3 Kc7 64. Nd1 Kb6 65. Nf2 Ng6 66. Nh3 Nf4 67. Nxg5 Nxd3 68. Kf3 Nb2 69. Nf7 Nxc4 70. g5 Ne8 71. g6 Kc7 72. Nh6 Nd2+ 73. Ke3 Nc4+ 74. Kd3 Nb6 75. Nf5 Nd7 76. Kc4 Ndf6 77. g7 Kb6 78. Kd3 Kb5 79. Ke3 c4 80. Ke2 Kb4 0-1

[Event "World Junior U20 Open 2018"]
[Site "Gebze"]
[Date "2018.09.10"]
[Round "6.51"]
[White "Ozsakallioglu, Okan"]
[Black "Sawlin, Leonid"]
[Result "0-1"]
[ECO "B06"]
[WhiteElo "1955"]
[BlackElo "2355"]
[Annotator "NA"]
[PlyCount "96"]
[EventDate "2018.09.05"]
[EventType "swiss"]
[EventCountry "TUR"]
[SourceTitle "playchess.com"]
[Source "ChessBase"]
[SourceQuality "1"]
[TimeControl "40/5400+30:1800+30"]

1. e4 g6 2. d4 Bg7 3. Nc3 d6 4. f4 a6 5. Nf3 b5 6. Bd3 Nd7 7. e5 c5 {[%emt 0:00:00] B06: Moderne Verteidigung} 8. Be4 Rb8 9. O-O (9. Be3 b4 10. Ne2 Nh6 11. dxc5 Nxc5 12. Bxc5 dxc5 13. Bc6+ Bd7 14. Qd5 Rc8 15. Bxd7+ Qxd7 16. Qxd7+ Kxd7 {1-0 (41) Yu,Y (2760)-Adhiban,B (2655) chess.com INT 2018}) 9... b4 10. Ne2 Qc7 11. c3 Nh6 12. h3 O-O 13. Be3 a5 14. Qc1 $146 ({Vorgänger:} 14. Qe1 Ba6 15. e6 fxe6 {0-1 (25) Tronenkovs,V (2305)-Ladva,O (2522) Tallinn 2018}) 14... Ba6 15. Rf2 Kh8 16. g4 Ng8 ({Better is} 16... f5 $11 17. exf6 Nxf6) 17. Ng5 Bh6 18. h4 Qc8 19. e6 fxe6 20. Nxe6 Ndf6 $1 21. f5 Bxe3 22. Qxe3 Nxg4 23. Qg5 $17 Qxe6 24. fxe6 Nxf2 25. Qd5 Nxe4 26. Qxe4 bxc3 27. bxc3 Rb2 28. Nf4 Nf6 29. Qf3 Kg8 30. Qg3 cxd4 31. cxd4 Rc8 32. h5 g5 33. Qxg5+ Kh8 34. Qh6 Kg8 35. Qg5+ Kh8 36. Qh6 Bd3 37. Nxd3 Rg8+ 38. Kf1 Ng4 39. Nxb2 Nxh6 40. Nc4 Rg5 41. Rb1 Kg7 42. a4 Rd5 43. Rb5 Rxd4 44. Nxa5 Rxa4 45. Nc6 Kf6 46. Rb7 Nf5 47. Nd8 Ra8 48. Rd7 Ng3+ 0-1

[Event "World Junior U20 Open 2018"]
[Site "Gebze"]
[Date "2018.09.10"]
[Round "6.52"]
[White "Bashirli, Nail"]
[Black "Gunduz, Umut Erdem"]
[Result "1-0"]
[ECO "C54"]
[WhiteElo "2354"]
[BlackElo "2119"]
[Annotator "NA"]
[PlyCount "79"]
[EventDate "2018.09.05"]
[EventType "swiss"]
[EventCountry "TUR"]
[SourceTitle "playchess.com"]
[Source "ChessBase"]
[SourceQuality "1"]
[TimeControl "40/5400+30:1800+30"]

1. e4 e5 2. Nf3 Nc6 3. d4 exd4 4. Bc4 Bc5 5. c3 Nf6 6. e5 d5 7. Bb5 Ne4 8. Nxd4 O-O 9. Bxc6 bxc6 10. O-O f6 11. e6 Qd6 12. Nd2 Nxd2 13. Bxd2 Bxe6 14. Bf4 Qd7 15. Qa4 Bb6 $11 16. Qxc6 Rfe8 17. Rfe1 Qxc6 18. Nxc6 Kf7 19. a4 Bd7 20. Nb4 g5 21. Be3 c6 22. a5 Bc7 23. Na6 Bd6 24. Bc5 Be5 25. Bd4 Bd6 26. Rxe8 Bxe8 27. Re1 Bd7 28. Nc5 Bxc5 29. Bxc5 Be6 30. a6 Rd8 31. Ra1 Rd7 32. Kf1 Bf5 33. Ke2 Bc2 34. Ra3 Ke6 35. Kd2 Bf5 36. Rb3 Rc7 37. Rb7 Kd7 38. Bxa7 Kc8 39. Rb8+ Kd7 40. Bb6 1-0

[Event "World Junior U20 Open 2018"]
[Site "Gebze"]
[Date "2018.09.10"]
[Round "6.57"]
[White "Nalbant, Tuna Onat"]
[Black "Secheres, Adrian-Simion"]
[Result "1/2-1/2"]
[ECO "C55"]
[WhiteElo "2241"]
[BlackElo "2408"]
[Annotator "NA"]
[PlyCount "96"]
[EventDate "2018.09.05"]
[EventType "swiss"]
[EventCountry "TUR"]
[SourceTitle "playchess.com"]
[Source "ChessBase"]
[SourceQuality "1"]
[TimeControl "40/5400+30:1800+30"]

1. e4 e5 2. Nf3 Nc6 3. Bc4 Nf6 4. d3 Be7 5. c3 O-O 6. Nbd2 d6 {[%emt 0:01:00] C55: Two Knights: 4 d3, 4 d4 exd4 5 e5 and Max Lange Attack} 7. Bb3 Na5 8. Bc2 c5 9. Nf1 Nc6 10. Ng3 d5 (10... Re8 11. O-O d5 12. Re1 d4 13. Bb3 Be6 14. Ng5 {1-0 (67) Neiksans,A (2631)-Ponomariov,R (2709) Tallinn 2016}) 11. Qe2 Re8 12. O-O h6 13. h3 Be6 $146 ({Predecessor:} 13... Bf8 14. a3 {½-½ (67) Rathnakaran,K (2386)-Ghosh,D (2288) Aurangabad 2011}) 14. Re1 Qd7 15. Ba4 Bd6 16. Nh4 a6 17. Qf3 b5 18. Bc2 Qd8 19. Ngf5 Bf8 20. g4 Nh7 21. Ng2 d4 22. Rd1 Ra7 23. a4 Rc7 24. axb5 axb5 25. Qg3 f6 26. Bd2 Qc8 27. Rdb1 Nd8 28. b3 dxc3 29. Bxc3 b4 30. Bd2 Nc6 31. Nge3 g6 32. Nh4 Nd4 33. Bd1 Bf7 34. Nf3 Rd8 35. Nxd4 Rxd4 36. Be2 Ng5 37. Bc1 Rd6 38. h4 Ne6 39. Nc4 Nd4 40. Bd1 Bxc4 41. dxc4 g5 42. Be3 Ne6 43. Be2 Rcd7 44. h5 Ra6 $11 45. Qf3 Ng7 46. Rxa6 Qxa6 47. Rd1 Rxd1+ 48. Bxd1 Qd6 1/2-1/2

[Event "World Junior U20 Open 2018"]
[Site "Gebze"]
[Date "2018.09.10"]
[Round "6.58"]
[White "Zhao, Chenxi"]
[Black "Urazayev, Arystanbek"]
[Result "0-1"]
[ECO "C85"]
[WhiteElo "2275"]
[BlackElo "2333"]
[Annotator "NA"]
[PlyCount "61"]
[EventDate "2018.09.05"]
[EventType "swiss"]
[EventCountry "TUR"]
[SourceTitle "playchess.com"]
[Source "ChessBase"]
[SourceQuality "1"]
[TimeControl "40/5400+30:1800+30"]

1. e4 e5 2. Nf3 Nc6 3. Bb5 a6 4. Ba4 Nf6 5. O-O Be7 6. Bxc6 dxc6 7. d3 Nd7 8. Nbd2 O-O 9. Nc4 f6 10. Ne3 {[%emt 0:18:30] LiveBook: 7 Games} Nc5 {[%emt 0:02:30] C85: Closed Ruy Lopez: Deferred Exchange Variation} 11. b3 (11. Nf5 Bxf5 12. exf5 Qd7 13. Nh4 Rfe8 14. Be3 Na4 15. Qg4 b5 16. b3 Nc3 17. Nf3 Nd5 {0-1 (67) Andreikin,D (2737)-Dominguez Perez,L (2726) Tbilisi 2015 CBM 165 [Pavlovic,M]}) 11... Rf7 12. Bb2 Bf8 13. Kh1 $146 ({Predecessor:} 13. Qe2 Ne6 14. Rfd1 Nd4 15. Nxd4 exd4 16. Nf1 f5 17. e5 f4 18. Nd2 {0-1 (59) Rogulski,W (2144)-Kurpiewski,S (2212) Mazowsze 2009}) 13... Ne6 14. Ng1 c5 15. Ne2 Qe8 16. f4 exf4 17. Nxf4 $11 Nxf4 18. Rxf4 Bd6 19. Rf1 Be5 20. Qc1 b5 21. a4 c6 22. axb5 cxb5 23. c4 Rb8 24. Rb1 Rfb7 25. Ba3 Qh5 26. g3 Bxg3 27. Qc2 Bh3 28. Qd1 Qxd1 29. Rfxd1 Bf2 30. Bxc5 bxc4 31. Rb2 0-1